Match 43473986
Unlisted

Match 43473986
End
Construct Section Command Post
Selects Australian Defense Battlegroup
Selects Australian Light Infantry Section
Australian Light Infantry Section
Dingo Light Scout Car
Australian Light Infantry Section
Construct Platoon Command Post
Selects CMP 15cwt Supply Run
CMP 15cwt Supply Run
Humber Armored Car
Humber Armored Car
Unlock Bishop Self-propelled Artillery
Bishop Self-propelled Artillery
Selects Defensive Tactics
Humber Armored Car
CMP 15cwt Supply Run
Bishop Self-propelled Artillery
Selects Reinforced Resource Caches
Construct Company Command Post
Selects Charged Creeping Barrage
CMP 15cwt Supply Run
Unlock M3 Grant Medium Tanks
M3 Grant Medium Tank
CMP 15cwt Supply Run
Charged Creeping Barrage
M3 Grant Medium Tank
Selects Vehicle Over Repair
Tkil
blackpanther989
YangXYZ
김문상
pp123p
[OldMetal]Pepe
Jerome Powell
Calm
0
0

Comments sign in to comment!

No comments posted yet!